AoeStats
← flashx9721

Black Forest

508348625Analyzed
3v3 RM · 12d ago on Sep 22, 2026· 24m 25s· 6 players
Game mode
Random Map
Map size
Normal (6 player)
Population
200
Speed
Normal
Resources
Standard
Victory
Conquest
Starting age
Dark Age
Ending age
Imperial Age
RankedLock teamsTeams togetherTeam positionsShared explorationLock speedFull tech treeHidden civsTurbo modeCheats
Victory
Defeat
🇺🇸 Bohemians · United States
713
+14
🇺🇸 Goths · United States
713
+14
🇺🇸 Japanese · United States
667
+15
🇦🇷 Bohemians · Argentina
737
-18
🇦🇷 Portuguese · Argentina
631
-13
🇦🇷 Byzantines · Argentina
607
-12
FuzzyOctopus7
0:33 Loom
15:09 Feudal Age
17:50 Double-Bit Axe
assault8055
4:33 Loom
12:28 Feudal Age
18:54 Castle Age
18:11 Double-Bit Axe
20:05 Bow Saw
20:45 Horse Collar
23:33 Wheelbarrow
flashx9721
0:56 Loom
15:07 Feudal Age
19:52 Castle Age
18:50 Double-Bit Axe
18:51 Horse Collar
23:31 Heavy Plow
24:16 Bow Saw
BalduinoH4
1:38 Loom
15:39 Feudal Age
17:39 Town Watch
21:44 Castle Age
21:42 Horse Collar
22:44 Double-Bit Axe
IlDuce.xX82
14:56 Feudal Age
13:57 Loom
19:59 Castle Age
KaiserB
3:33 Loom
14:54 Feudal Age
21:05 Double-Bit Axe
24:11 Horse Collar
24:34 Fletching
24:54 Forging
24:45 Padded Archer Armor
Connection lost

Rejoining the realm…

Still unreachable

The connection could not be restored.

Session expired

The server has moved on; the page needs a fresh start.